 Dungeon Crawl Stone Soup version 0.19-a0-854-gc78d25d (webtiles) character file.

1022 4thArraOfDagon the Cleaver (level 8, 0/71 HPs)
             Began as a Minotaur Chaos Knight on July 1, 2016.
             Shot with a sling bullet by Joseph (2 damage)
             ... on level 7 of the Dungeon.
             The game lasted 00:07:18 (1557 turns).

4thArraOfDagon the Cleaver (Minotaur Chaos Knight)  Turns: 1557, Time: 00:07:19

Health: 0/71       AC:  8    Str: 16    XL:     8   Next: 2%
Magic:  7/7        EV:  5    Int: 10    God:    Xom [*.....]
Gold:   189        SH:  0    Dex:  8    Spells: 0 memorised, 7 levels left

rFire  . . .     SeeInvis .     a - +0 hand axe (chaos)
rCold  . . .     Gourm    .     A - +0 plate armour
rNeg   . . .     Faith    +     (no shield)
rPois  .         Spirit   .     (helmet restricted)
rElec  .         Dismiss  .     (no cloak)
rCorr  .         Reflect  .     (no gloves)
SustAt .         Harm     .     w - +0 pair of boots
MR     .....                    k - amulet of faith
Stlth  ..........               (no ring)
                                p - ring of loudness

@: not resistant to hostile enchantments, extremely unstealthy
A: retaliatory headbutt, horns 2, clumsy 2, deformed body, deterioration 1
a: Renounce Religion


You were on level 7 of the Dungeon.
You worshipped Xom.
You were a special plaything of Xom.
You were hungry.

You visited 1 branch of the dungeon, and saw 7 of its levels.

You collected 189 gold pieces.

Inventory:

Hand Weapons
 a - a +0 hand axe of chaos (weapon)
 r - a +0 war axe
Missiles
 z - a throwing net (quivered)
Armour
 b - a +2 leather armour
 f - a +2 ring mail of fire resistance
 w - a +0 pair of boots (worn)
 A - a +0 plate armour (worn)
Jewellery
 k - an amulet of faith (around neck)
 p - a ring of loudness (left hand)
 q - an uncursed amulet of magic regeneration
 t - an uncursed amulet of inaccuracy
Wands
 y - a wand of iceblast (5/15)
Scrolls
 d - a scroll of blinking {unknown}
 e - a scroll of remove curse
 i - 2 scrolls of enchant weapon {unknown}
 j - 3 scrolls of identify
 m - 2 scrolls of fear {unknown}
 n - 2 scrolls of random uselessness {unknown}
 o - 3 scrolls of recharging {unknown}
 s - 3 scrolls of teleportation {unknown}
Potions
 g - a potion of resistance
Comestibles
 c - 3 bread rations
 h - 4 meat rations
 l - 3 fruits
 u - a beef jerky
 v - 2 royal jellies
 x - a slice of pizza


   Skills:
 + Level 6.4 Fighting
 * Level 8.9 Axes
 + Level 6.0 Armour
 - Level 1.1 Dodging


You had 7 spell levels left.
You didn't know any spells.

Dungeon Overview and Level Annotations

Branches:
Dungeon (7/15)             Temple (0/1) D:6

Altars:
Dithmenos
Pakellas
Zin

Shops:
D:5 }   D:7 }

Annotations:
D:2 Natasha
D:7 Joseph


Innate Abilities, Weirdness & Mutations

You reflexively headbutt those who attack you in melee.
You have a pair of horns on your head.
You are very clumsy. (Dex -4)
Armour fits poorly on your strangely shaped body.
Your body sometimes deteriorates upon taking damage.


Message History

You continue taking off your +2 ring mail of fire resistance.
You finish taking off your +2 ring mail of fire resistance.
You feel less resistant to fire.
Wear which item? (? for menu, Esc to quit)
You start putting on your armour.
You continue putting on your plate armour. x4
You finish putting on your +0 plate armour.
Found 7 gold pieces.
Unknown command.
You now have 189 gold pieces (gained 7).
A giant frog and Joseph come into view.
Joseph is wielding a quarterstaff of crushing.
The giant frog gives a loud, deep croak!
Joseph unwields an uncursed quarterstaff of crushing.
Joseph wields a glowing hunting sling.
It is covered in frost.
Joseph shoots a sling bullet.
The sling bullet hits you.
* * * LOW HITPOINT WARNING * * *
The sling bullet freezes you.
You die...
Xom thinks this is hilarious!

#.......# ...
#.......# #.#...#
#..)....# #.#...#
#.....<.# #.#..@#
#...##### #.#...#
#...## #.#F..# .....#
#.#...
#....##########.#.#.#
#..#.#..........@...#
#...............#.###
#.##.#.........##...
.....########### ####
#..... ....... ######


You could see Joseph and a giant frog.

Vanquished Creatures
  A centaur (D:6)
  A centaur (shapeshifter) (D:6)
  2 ogres
  A giant frog (D:6)
  A wyvern skeleton (D:6)
  3 scorpions
  A crimson imp (D:5)
  A centaur zombie (D:6)
  4 orc wizards
  A hound (D:6)
  A centaur skeleton (D:5)
  Natasha (D:2)
  2 worker ants
  4 adders
  2 adder zombies
  A worm (D:3)
  A dart slug (D:2)
  2 giant geckos
  12 orcs
  3 bats
  2 giant cockroaches
  3 goblins
  5 hobgoblins
  12 jackals
  3 quokkas
  3 giant newts
  2 kobolds
75 creatures vanquished.

Notes
Turn   | Place    | Note
-------+----------+-------------------------------------------
     0 | D:1      | 4thArraOfDagon the Minotaur Chaos Knight began the quest for the Orb.
     0 | D:1      | Reached XP level 1. HP: 19/19 MP: 0/0
     0 | D:1      | mick incoming!
    35 | D:1      | Reached skill level 4 in Axes
   119 | D:2      | Reached XP level 2. HP: 24/27 MP: 1/1
   174 | D:2      | Reached XP level 3. HP: 22/33 MP: 2/2
   271 | D:2      | Noticed Natasha
   279 | D:2      | Killed Natasha
   279 | D:2      | Reached skill level 5 in Axes
   285 | D:2      | Found a faded altar of an unknown god.
   351 | D:2      | Noticed Natasha
   361 | D:2      | incide: mick
   368 | D:3      | XOM: mild Summ miscast
   372 | D:3      | incide: jagger
   372 | D:3      | Found an oddly glowing altar of Pakellas.
   373 | D:3      | Found a glowing silver altar of Zin.
   445 | D:3      | Reached XP level 4. HP: 40/40 MP: 3/3
   560 | D:3      | jacquesderrida: ooo
   566 | D:3      | 4thArraOfDagon: janny's got a gun
   581 | D:4      | arkorax: ooo
   591 | D:4      | jacquesderrida: Too bad for her
   591 | D:4      | 4thArraOfDagon: janny briggs got a gun
   605 | D:5      | Entered Level 5 of the Dungeon
   613 | D:5      | arkorax: but then janny got arrested
   613 | D:5      | incide: that's aerosmith tho
   614 | D:5      | jacquesderrida: SHe's up for some trippy ass stuff
   617 | D:5      | Reached XP level 5. HP: 39/47 MP: 4/4
   621 | D:5      | Reached skill level 6 in Axes
   706 | D:5      | jacquesderrida: >>>>>>>>>>>>>>>>>>>>>>>>>>>>>>aerosmith
   724 | D:5      | jacquesderrida: ayyyyyyyyyyyyyyyyyyyyyyyy lmao
   728 | D:5      | Found a shadowy altar of Dithmenos.
   765 | D:5      | XOM: harmless Pois miscast
   828 | D:5      | jacquesderrida: https://en.wikipedia.org/wiki/Johnny_Got_His_Gun
   878 | D:5      | jacquesderrida: More like aeroSHIT, am I right?
   907 | D:5      | Reached XP level 6. HP: 44/55 MP: 5/5
   913 | D:5      | jacquesderrida: : D : D : D
   944 | D:5      | Reached skill level 5 in Fighting
   952 | D:5      | Found Zeliusch's Gadget Emporium.
   983 | D:4      | Reached skill level 7 in Axes
  1077 | D:6      | Reached skill level 5 in Armour
  1077 | D:6      | Reached XP level 7. HP: 46/61 MP: 6/6
  1154 | D:6      | Found a staircase to the Ecumenical Temple.
  1186 | D:6      | XOM: confuse monster(s)
  1193 | D:6      | XOM: divination: detect creatures
  1203 | D:6      | XOM: potion effect (agility)
  1211 | D:6      | Reached skill level 8 in Axes
  1232 | D:5      | jacquesderrida: Инцестер
  1245 | D:7      | jacquesderrida: Добро пожаловать
  1253 | D:7      | XOM: harmless Necr miscast
  1257 | D:7      | XOM: potion effect (curing)
  1271 | D:7      | incide: снова
  1297 | D:7      | Found Kiheluf's Gadget Boutique.
  1315 | D:7      | XOM: give mutations
  1315 | D:7      | Gained mutation: Your body sometimes deteriorates upon taking damage. [Xom's mischief]
  1315 | D:7      | Gained mutation: Armour fits poorly on your strangely shaped body. [Xom's mischief]
  1315 | D:7      | Gained mutation: You are clumsy. (Dex -2) [Xom's mischief]
  1315 | D:7      | Gained mutation: You are very clumsy. (Dex -4) [Xom's mischief]
  1317 | D:7      | :D
  1352 | D:6      | jacquesderrida: I don't want to go on the cart
  1395 | D:6      | XOM: blink monster(s)
  1412 | D:6      | XOM: 1-stop teleportation journey
  1422 | D:6      | XOM: enchant monster (bad)
  1424 | D:6      | XOM: polymorph orc wizard -> centaur
  1430 | D:6      | Reached XP level 8. HP: 26/71 MP: 7/7
  1461 | D:7      | XOM: summons 4 hostile demons
  1493 | D:7      | jacquesderrida: uberfetus
  1508 | D:7      | jacquesderrida: kukukuku
  1544 | D:7      | XOM: severe Air miscast
  1557 | D:7      | Noticed Joseph
  1557 | D:7      | HP: 2/71 [Joseph/sling bullet (5)]
  1557 | D:7      | Shot with a sling bullet by Joseph

Vault maps used:
D:1:      dpeg_arrival_rhombi
D:2:      ecumenical_altar_1, uniq_natasha, uniq_sigmund
D:3:      old_standard_altar, led_sif_book, gammafunk_temple_overflow_pools
D:4:      first_bread
D:5:      lemuel_crystal_altar, serial_shops, kennysheep_mini_moat
D:6:      hex_tiny, grunt_ministairs_7, grunt_dithmenos_shadows
D:7:      serial_shops, shop, uniq_menkaure, uniq_joseph

Skill      XL: |  1  2  3  4  5  6  7 |
---------------+----------------------+-----
Axes           | 4 5 6 7 8 |  8.9
Fighting       | 4 5 6 |  6.4
Armour         | 3 4 5 6 |  6.0
Dodging        | |  1.1

Action                   |  1- 3 |  4- 6 |  7- 9 || total
-------------------------+-------+-------+-------++-------
Melee: Hand axe          |    69 |    82 |   106 ||   257
       Headbutt          |     9 |    17 |    20 ||    46
Throw: Throwing net      |       |       |     2 ||     2
Evoke: Wand              |       |       |     2 ||     2
  Use: Potion            |     1 |     3 |     1 ||     5
       Scroll            |       |     1 |     1 ||     2
 Stab: Paralysed         |     1 |       |       ||     1
       Petrifying        |       |       |     2 ||     2
       Petrified         |       |       |     2 ||     2
       Held in net/web   |       |       |     1 ||     1
  Eat: Chunk             |       |     1 |     1 ||     2
Armor: Leather armour    |    24 |     9 |       ||    33
       Ring mail         |       |    23 |    37 ||    60
Dodge: Dodged            |    36 |    58 |    23 ||   117
